 Dungeon Crawl Stone Soup version 0.19-a0-1834-g6b7851e (webtiles) character file.

4986 Charly the Grappler (level 10, -4/98 HPs)
             Began as a Troll Monk on Oct 9, 2016.
             Was a Priest of Cheibriados.
             Slain by a minotaur
             ... wielding the +5 war axe of Qynk {distort, MR+ Int+4 SInv Stlth+}
              (11 damage)
             ... in a labyrinth.
             The game lasted 00:31:04 (1811 turns).

Charly the Grappler (Troll Monk)                    Turns: 1811, Time: 00:31:05

Health: -4/98      AC:  5    Str: 29    XL:     10   Next: 29%
Magic:  12/12      EV: 12    Int: 14    God:    Cheibriados [***...]
Gold:   275        SH:  6    Dex: 20    Spells: 0 memorised, 9 levels left

rFire  . . .     SeeInvis .       - Unarmed
rCold  . . .     Gourm    +     a - +0 robe
rNeg   + . .     Faith    .     (no shield)
rPois  .         Spirit   .     (helmet restricted)
rElec  .         Dismiss  .     (no cloak)
rCorr  .         Reflect  +     (gloves unavailable)
MR     .....     Harm     .     (boots unavailable)
Stlth  ++........               k - +6 amulet of reflection
                                h - ring of positive energy
                                i - -3 ring of intelligence (curse)

@: very slow
A: unfitting armour, claws 3, fast metabolism 3, gourmand, regeneration 1,
shaggy fur 1, tough skin 2
a: Bend Time, Temporal Distortion, Renounce Religion


You were in a labyrinth.
You worshipped Cheibriados.
Cheibriados was most pleased with you.
You were not hungry.

You visited 2 branches of the dungeon, and saw 12 of its levels.
You visited the Abyss 1 time.
You also visited: Labyrinth.

You collected 275 gold pieces.

Inventory:

Armour
 a - a +0 robe (worn)
Magical Staves
 q - an uncursed staff of power {unknown}
Jewellery
 h - a ring of positive energy (right claw)
 i - a cursed -3 ring of intelligence (left claw)
 k - a +6 amulet of reflection (around neck)
Wands
 j - a wand of digging (7/24)
 o - a wand of flame (20/48)
 r - a wand of disintegration (5/24)
Scrolls
 e - a scroll of recharging
 g - a scroll of fear {unknown}
 l - a scroll of amnesia {unknown}
 m - 3 scrolls of identify
 n - a scroll of magic mapping {unknown}
 p - a scroll of enchant armour {unknown}
 s - a scroll of random uselessness {unknown}
 t - a scroll of remove curse {unknown}
Potions
 c - a potion of flight
 d - a potion of brilliance
Comestibles
 b - 2 bread rations
 f - 4 fruits


   Skills:
 + Level 5.9 Fighting
 + Level 4.2 Dodging
 - Level 1.0 Stealth
 * Level 12.2 Unarmed Combat
 + Level 4.5 Invocations


You had 9 spell levels left.
You didn't know any spells.

Dungeon Overview and Level Annotations

Branches:
Dungeon (11/15)            Temple (1/1) D:5
   Lair: D:8-11         Orc: D:9-12

Altars:
Ashenzari
Cheibriados
Dithmenos
Elyvilon
Fedhas
Hepliaklqana
Kikubaaqudgha
Nemelex Xobeh
Okawaru
Qazlal
Ru
Trog
Uskayaw
Vehumet
Xom
Yredelemnul
Zin

Portals:
Trove: D:11 (give +5 demon blade)

Annotations:
D:2 Robin
D:11 2 exclusions


Innate Abilities, Weirdness & Mutations

You are too large for most types of armour.
You have claws for hands.
Your metabolism is lightning-fast.
You like to eat raw meat.
Your natural rate of healing is unusually fast.
You are covered in fur. (AC +1)
You have very tough skin. (AC +2)


Message History

There is an open door, spattered with blood here.
Unknown command.
Unknown command.
You claw the minotaur!
The minotaur is lightly wounded.
The minotaur hits you with a pitted war axe {distort}!
* * * LOW HITPOINT WARNING * * *
Space bends around you.
* * * LOW HITPOINT WARNING * * *
The minotaur gores you!
* * * LOW HITPOINT WARNING * * *
Unknown command.
You claw the minotaur!
The minotaur is moderately wounded.
You scratch the minotaur.
The minotaur is heavily wounded.
The minotaur hits you with a pitted war axe {distort}!
* * * LOW HITPOINT WARNING * * *
Space warps horribly around you!
You die...

# # #..#
#.#.###.# #.
....... ..... #
#.#.#######.#####
. # #≈≈≈≈≈#.#...
# #.#.# ≈<≈ #.#.#
...# ... #...#
#.###.###.### .
.. #.....#...# #
.#.###@###.##
#...H.....# #
#####.#.#.#
.....#...
######### #


You could see a minotaur.

Vanquished Creatures
  An unseen horror (D:11)
  A hill giant (D:11)
  Pikel (D:8)
  A gargoyle (Lab)
  A guardian mummy (D:11)
  2 hippogriffs (D:9)
  A warg (D:9)
  5 hungry ghosts
  3 orc warriors
  A black bear (D:9)
  2 slaves (D:8)
  2 wolves (D:11)
  3 centaurs
  3 bullfrogs
  2 scorpions
  A water moccasin skeleton (D:9)
  3 howler monkeys
  2 crimson imps
  4 lava snakes (Lab)
  2 electric eels (D:11)
  A bullfrog skeleton (D:11)
  A centaur zombie (D:10)
  A jelly (D:11)
  7 hounds
  Ijyb (D:2)
  2 orc wizards
  A worker ant (D:11)
  A hound skeleton (D:7)
  A howler monkey skeleton (D:8)
  3 adders
  A shadow imp (D:11)
  An adder zombie (D:8)
  A leopard gecko (D:4)
  5 orcs
  A hobgoblin (D:2)
  4 jackals (D:9)
  A kobold (D:1)
  A quokka (D:11)
75 creatures vanquished.

Vanquished Creatures (others)
  2 slaves (D:8)
  A bullfrog (D:8)
  An orc (D:8)
  A quokka (D:8)
  9 plants (D:11)
14 creatures vanquished.

Grand Total: 89 creatures vanquished

Notes
Turn   | Place    | Note
-------+----------+-------------------------------------------
     0 | D:1      | Charly the Troll Monk began the quest for the Orb.
     0 | D:1      | Reached XP level 1. HP: 22/22 MP: 0/0
    10 | D:2      | Noticed Ijyb
    25 | D:2      | Killed Ijyb
    25 | D:2      | Reached skill level 4 in Unarmed Combat
    25 | D:2      | Reached XP level 2. HP: 24/29 MP: 1/1
    34 | D:2      | Reached XP level 3. HP: 35/36 MP: 2/2
    87 | D:2      | Noticed Robin
   111 | D:5      | Entered Level 5 of the Dungeon
   136 | D:5      | Found a staircase to the Ecumenical Temple.
   145 | Temple   | Entered the Ecumenical Temple
   178 | Temple   | Became a worshipper of Cheibriados the Contemplative
   178 | Temple   | Reached * piety under Cheibriados
   178 | Temple   | Reached ** piety under Cheibriados
   289 | D:6      | Reached skill level 5 in Unarmed Combat
   289 | D:6      | Reached XP level 4. HP: 44/44 MP: 3/3
   357 | D:7      | Reached XP level 5. HP: 41/50 MP: 4/4
   372 | D:7      | Reached skill level 6 in Unarmed Combat
   402 | D:8      | Noticed a slave
   406 | D:8      | Noticed a slave
   407 | D:8      | Found a blossoming altar of Fedhas.
   408 | D:8      | Noticed a slave
   408 | D:8      | Noticed a slave
   409 | D:8      | Noticed Pikel
   411 | D:8      | Killed a slave
   415 | D:8      | Killed a slave
   421 | D:8      | Killed Pikel
   421 | D:8      | Reached skill level 8 in Unarmed Combat
   421 | D:8      | Reached XP level 6. HP: 59/59 MP: 5/5
   421 | D:8      | Reached XP level 7. HP: 66/66 MP: 6/6
   555 | D:9      | Noticed a hippogriff
   567 | D:9      | Killed a hippogriff
   567 | D:9      | Reached skill level 9 in Unarmed Combat
   628 | D:10     | Entered Level 10 of the Dungeon
   690 | D:9      | Reached XP level 8. HP: 59/75 MP: 7/7
   694 | D:9      | Noticed a hippogriff
   700 | D:9      | Killed a hippogriff
   734 | D:9      | Reached skill level 10 in Unarmed Combat
   762 | D:8      | Reached skill level 1 in Invocations
   823 | D:9      | Reached *** piety under Cheibriados
   954 | D:9      | Reached XP level 9. HP: 85/85 MP: 6/9
  1056 | D:11     | Found a portal to a secret trove of treasure.
  1056 | D:11     | Noticed a guardian mummy
  1061 | D:11     | Killed a guardian mummy
  1061 | D:11     | Reached skill level 11 in Unarmed Combat
  1222 | D:11     | Reached skill level 5 in Fighting
  1277 | D:11     | Reached **** piety under Cheibriados
  1318 | D:11     | Killed an unseen horror
  1346 | D:11     | Found a labyrinth entrance.
  1347 | D:11     | Noticed a hill giant
  1354 | D:11     | Killed a hill giant
  1354 | D:11     | Reached XP level 10. HP: 61/97 MP: 12/12
  1367 | Lab      | Entered a labyrinth
  1466 | Lab      | Reached skill level 12 in Unarmed Combat
  1533 | Lab      | Noticed a gargoyle
  1536 | Lab      | Killed a gargoyle
  1721 | Lab      | Noticed a minotaur
  1751 | Lab      | Cast into level 2 of the Abyss (minotaur)
  1808 | Lab      | Escaped the Abyss
  1811 | Lab      | Identified the +5 war axe of Qynk {distort, MR+ Int+4 SInv Stlth+}
  1811 | Lab      | Slain by a minotaur

Vault maps used:
D:1:      elethiomel_arrival_shortcut
D:2:      first_bread, corexii_item_surrounded_by_moat, uniq_iyjb, uniq_robin
D:3:      eino_tiny_chamber, uniq_sigmund
D:4:      nicolae_gozag_zags_fifth_avenue
D:5:      corexii_leaking_fountain, kennysheep_generic_room_8,
          uniq_crazy_yiuf_cottage, uniq_menkaure
D:6:      nicolae_overflow_hidden_temple, uniq_blork_the_orc
D:7:      nicolae_tso_carved_into_rock, lemuel_coloured_pillars_altar
D:8:      kennysheep_mini_moat, hangedman_ranch, uniq_pikel
D:9:      david_orc_1_choice, serial_curves, eino_curves_03, eino_curves_01,
          eino_curves_04, corexii_corridor_pit
D:10:     serial_undead, serial_undead_e, serial_undead_d, serial_undead_f,
          serial_undead_b, serial_undead_b, serial_undead_c, serial_undead_f,
          guppyfry_shop_venom
D:11:     erik_lair_island, nicolae_trove_entry_path_of_doom, lab_entry_generic,
          nicolae_looking_at_the_future, uniq_fannar
Temple:   kb_temple_of_zot
Lab:      labyrinth_watery, nicolae_lab_dead_end, nicolae_lab_do_over,
          nicolae_lab_t_cross, labyrinth_skeletal_remains, nicolae_lab_garden,
          labyrinth_lava_lair, nicolae_lab_x, nicolae_lab_very_dead_end

Skill      XL: |  1  2  3  4  5  6  7  8  9 10 |
---------------+-------------------------------+-----
Unarmed Combat | 4 5 8 9 10 11 12 | 12.2
Fighting       | 3 4 5 |  5.9
Invocations    | 2 4 |  4.5
Dodging        | 3 4 |  4.2
Stealth        | |  1.0

Action                   |  1- 3 |  4- 6 |  7- 9 | 10-12 || total
-------------------------+-------+-------+-------+-------++-------
Melee: Unarmed           |    16 |    26 |   139 |    32 ||   213
       Punch             |     1 |       |     5 |     3 ||     9
Throw: Large rock        |       |     5 |    19 |     5 ||    29
Invok: Bend Time         |       |       |     1 |       ||     1
       Slouch            |       |       |     1 |       ||     1
Evoke: Wand              |       |       |     9 |     9 ||    18
  Use: Scroll            |       |     2 |     5 |     1 ||     8
       Potion            |       |     1 |       |     1 ||     2
 Stab: Distracted        |     1 |       |       |       ||     1
       Sleeping          |       |       |     3 |     1 ||     4
  Eat: Chunk             |     1 |     3 |     5 |     6 ||    15
       Beef jerky        |       |       |     1 |       ||     1
       Bread ration      |       |       |       |     1 ||     1
Armor: Robe              |     4 |     5 |    30 |     3 ||    42
       Skin              |       |     7 |       |       ||     7
Dodge: Dodged            |     6 |     7 |    45 |    12 ||    70
Block: Other             |       |       |    21 |     5 ||    26
